 Dungeon Crawl Stone Soup version 0.20.0-15-g7f486f2 (webtiles) character file.

256 Hook the Insei (level 6, -2/38 HPs)
             Began as an Octopode Transmuter on June 20, 2017.
             Slain by Grinder (5 damage)
             ... while paralysed by Grinder
             ... on level 3 of the Dungeon.
             The game lasted 00:11:36 (4151 turns).

Hook the Insei (Octopode Transmuter)                Turns: 4151, Time: 00:11:37

Health: -2/38      AC:  2    Str:  9    XL:     6   Next: 16%
Magic:  3/11       EV:  5    Int: 17    God:
Gold:   121        SH:  0    Dex: 18    Spells: 6/12 levels left

rFire    . . .     SeeInvis .     - Unarmed
rCold    . . .     Gourm    .   (shield currently unavailable)
rNeg     . . .     Faith    .   (helmet currently unavailable)
rPois    x         Spirit   .   (no amulet)
rElec    .         Reflect  .   (no ring)
rCorr    .         Harm     .   (no ring)
MR       .....                  (no ring)
Stlth    ++........             (no ring)
Regen    0.2/turn               (no ring)
MPRegen  0.2/turn               (no ring)
                                (no ring)
                                (no ring)

@: paralysed, spider-form
A: almost no armour, stealthy swim, (amphibious), 8 rings, (constrict 8)
a: End Transformation


You were on level 3 of the Dungeon.
You were not hungry.
You were a venomous arachnid creature.
You visited 1 branch of the dungeon, and saw 3 of its levels.

You collected 121 gold pieces.

Inventory:

Missiles
 a - 66 arrows
Wands
 m - a wand of confusion (48/48)
Scrolls
 d - 3 scrolls of remove curse
 e - 2 scrolls of teleportation
 f - 2 scrolls of identify
Potions
 g - 2 potions of might
 h - a potion of cancellation
 l - a potion of haste {unknown}
 n - a potion of ambrosia {unknown}
 p - a potion of lignification {unknown}
Books
 b - a book of Changes

   Spells                             Type                      Level
   a - Beastly Appendage              Transmutation                1
   b - Sticks to Snakes               Transmutation                2
   c - Spider Form                    Transmutation/Poison         3
   d - Ice Form                       Ice/Transmutation            4
   e - Blade Hands                    Transmutation                5
Comestibles
 i - 3 fruits
 j - 4 meat rations
 o - 2 royal jellies


   Skills:
 + Level 1.1 Fighting
 * Level 2.9 Dodging
 + Level 2.6 Stealth
 + Level 4.0 Unarmed Combat
 * Level 3.6 Spellcasting
 * Level 3.0 Transmutations
 * Level 1.2 Poison Magic


You had 6 spell levels left.
You knew the following spells:

 Your Spells              Type           Power        Failure   Level  Hunger
a - Beastly Appendage     Tmut           ##....       14%         1    None
b - Spider Form           Tmut/Pois      ##........   41%         3    ###....
c - Sticks to Snakes      Tmut           ##......     19%         2    ##.....


Dungeon Overview and Level Annotations

Branches:
Dungeon (3/15)

Altars:

Annotations:
D:3 Grinder, Sigmund


Innate Abilities, Weirdness & Mutations

You cannot wear most types of armour.
You are very stealthy in the water. (Stealth+)
((You are amphibious.))
You can wear up to eight rings at the same time.
((You can use your tentacles to constrict eight enemies at once.))
((Your skin changes colour to match your surroundings (Stealth+).))
((Your rubbery body absorbs attacks. (AC +1, EV +1)))


Message History

A bat comes into view.
Found a stone staircase leading down.
You hit Grinder but do no damage. Grinder hits you!
You bite Grinder!
Grinder is moderately wounded.
You bite Grinder!
Grinder is heavily wounded.
Grinder misses you.
You barely miss Grinder.
Grinder is heavily wounded.
Grinder gestures at you.
You suddenly lose the ability to move!
Grinder hits you.
You writhe in agony.
Grinder hits you! Grinder hits you!
* * * LOW HITPOINT WARNING * * *
Grinder hits you.
* * * LOW HITPOINT WARNING * * *
You writhe in agony.
You die...

#.#.## .## #.#... ...#
#.#.#### # #..# #...)...
##. #..### ###.#### ....
..... ....... ..... #..#
# ########
.#....##S.###.## ##
>....b5sS....... ..
###...##S.....# #.###
#########.###########....
......S...(........###.##
.#.######........#.# #.#.
#########.#.# #.#.
........#.#.###...
#####.#.#...(...
#...............


You could see Grinder, a bat and 3 friendly ball pythons.

Vanquished Creatures
  An orc priest (D:3)
  An orc wizard (D:3)
  3 gnolls (D:3)
  5 adders
  An ooze (D:1)
  3 worms
  4 dart slugs
  2 leopard geckos (D:2)
  7 orcs (D:3)
  12 bats
  A giant cockroach (D:3)
  8 goblins
  16 hobgoblins
  6 jackals
  9 kobolds
  2 quokkas (D:3)
  3 ball pythons
  7 frilled lizards
  11 rats
102 creatures vanquished.

Notes
Turn   | Place    | Note
-------+----------+-------------------------------------------
     0 | D:1      | Hook the Octopode Transmuter began the quest for the Orb.
     0 | D:1      | Reached XP level 1. HP: 13/13 MP: 3/3
   136 | D:1      | Reached XP level 2. HP: 8/18 MP: 3/5
   691 | D:1      | Reached skill level 1 in Stealth
   753 | D:1      | Reached XP level 3. HP: 23/23 MP: 4/6
   804 | D:1      | Learned a level 3 spell: Spider Form
  1909 | D:2      | Reached XP level 4. HP: 28/28 MP: 4/8
  2788 | D:3      | Reached XP level 5. HP: 31/33 MP: 5/9
  3156 | D:3      | Noticed Sigmund
  3412 | D:3      | Learned a level 2 spell: Sticks to Snakes
  3797 | D:3      | Reached skill level 4 in Unarmed Combat
  3801 | D:3      | Reached XP level 6. HP: 25/38 MP: 9/11
  3805 | D:3      | Reached skill level 1 in Poison Magic
  4064 | D:3      | Found a faded altar of an unknown god.
  4132 | D:3      | Noticed Grinder
  4147 | D:3      | Paralysed by Grinder for 6 turns
  4151 | D:3      | Slain by Grinder

Skill      XL: |  1  2  3  4  5  6 |
---------------+-------------------+-----
Stealth        | 1 2 |  2.6
Spellcasting   | 3 |  3.6
Transmutations | 3 |  3.0
Unarmed Combat | 4 |  4.0
Poison Magic   | 1 |  1.2
Fighting       | |  1.1
Dodging        | |  2.9

Action                   |  1- 3 |  4- 6 || total
-------------------------+-------+-------++-------
Melee: Unarmed           |    90 |   135 ||   225
       Tentacles         |    11 |    13 ||    24
       Constrict         |    16 |    17 ||    33
       Kick              |    13 |    12 ||    25
       Punch             |     3 |     1 ||     4
 Cast: Beastly Appendage |    21 |     8 ||    29
       Spider Form       |     4 |    19 ||    23
       Sticks to Snakes  |       |     5 ||     5
  Use: Scroll            |     2 |     6 ||     8
 Stab: Sleeping          |     8 |     7 ||    15
       Distracted        |       |     1 ||     1
  Eat: Chunk             |     3 |     2 ||     5
       Bread ration      |     1 |     2 ||     3
Armor: Skin              |     7 |    10 ||    17
Dodge: Dodged            |    59 |    83 ||   142
